 Dungeon Crawl Stone Soup version 0.17-a0-15-g0155121 (webtiles) character file.

82187 Grim the Black Belt (level 15, -1/119 (121) HPs)
             Began as an Octopode Monk on Mar 5, 2015.
             Was the Champion of Cheibriados.
             Succumbed to a death drake's dark miasma
             ... on level 14 of the Dungeon on Mar 6, 2015.
             The game lasted 02:04:55 (30600 turns).

Grim the Black Belt (Octopode Monk)                Turns: 30600, Time: 02:04:56

HP:   -1/119 (121)  AC:  5    Str: 30    XL:     15   Next: 72%
MP:   14/22         EV: 29    Int: 35    God:    Cheibriados [******]
Gold: 1152          SH:  0    Dex: 32    Spells: 0 memorised, 14 levels left

rFire  . . .     SeeInvis .       - Unarmed
rCold  + + .     Clarity  +     (no shield)
rNeg   . . .     SustAb   +     e - +2 hat {Int+3}
rPois  .         Gourm    .     p - amulet of guardian spirit
rElec  .         Spirit   +     A - ring of flight
rCorr  .         Warding  .     N - +2 ring of protection
rMut   .         Stasis   .     a - ring of Traegrum {SustAb rC+ Int+3}
MR     ++...                    v - ring of stealth
Stlth  +++++++++.               o - ring of protection from magic
                                L - ring of protection from cold
                                (no ring)
                                (no ring)

@: lethally poisoned (-1 -> -41), slowed, very slow, very resistant to hostile
enchantments, incredibly stealthy
A: almost no armour, amphibious, 8 rings, constrict 8, tentacle spike 1,
camouflage 1, clarity, clever 1, robust 1, gelatinous body 1
a: Bend Time, Temporal Distortion, Slouch, Step From Time, Renounce Religion,
Evoke Flight


You were on level 14 of the Dungeon.
You worshipped Cheibriados.
Cheibriados was exalted by your worship.
You were not hungry.

You visited 2 branches of the dungeon, and saw 22 of its levels.

You collected 1548 gold pieces.
You spent 396 gold pieces at shops.

Inventory:

Armour
 e - a +2 hat of intelligence (worn)
Jewellery
 a - the ring of Traegrum (on tentacle) {SustAb rC+ Int+3}
   (You acquired it on level 4 of the Lair of Beasts)

   [ring of sustain abilities]

   It sustains your strength, intelligence and dexterity.
   It affects your intelligence (+3).
   It protects you from cold.
 o - a ring of protection from magic (on tentacle)
 p - an amulet of guardian spirit (around mantle)
 v - a ring of stealth (on tentacle)
 A - a ring of flight (left tentacle)
 L - a ring of protection from cold (on tentacle)
 N - a +2 ring of protection (right tentacle)
Magical devices
 l - a wand of frost (42)
 n - a wand of fire (3)
 q - a wand of polymorph (15)
 B - a wand of digging (15)
 O - a wand of magic darts (22)
 R - a wand of paralysis (22)
 V - a wand of slowing (4)
 W - a wand of confusion (11)
Scrolls
 d - 4 scrolls of teleportation
 f - 6 scrolls of immolation
 i - a scroll of recharging
 j - a scroll of magic mapping
 w - 6 scrolls of enchant armour
 P - a scroll of enchant weapon
 Q - a scroll of fear
 T - 7 scrolls of remove curse
 Z - a scroll of summoning {unknown}
Potions
 g - 4 potions of restore abilities
 t - a potion of cure mutation {!q}
 C - 2 potions of cancellation
 D - 3 potions of brilliance
 H - a potion of decay {unknown}
 I - a potion of magic {unknown}
 K - 2 potions of ambrosia {unknown}
 M - a potion of beneficial mutation {unknown}
 U - 2 potions of flight {unknown}
 Y - a potion of agility {unknown}
Books
 k - a Fen Folio

   Spells                             Type                      Level
   a - Corpse Rot                     Necromancy                   2
   b - Stone Arrow                    Conjuration/Earth            3
   c - Leda's Liquefaction            Hexes/Earth                  4
   d - Summon Forest                  Summoning/Translocation      5
   e - Hydra Form                     Transmutation                6
   f - Summon Hydra                   Summoning                    7
 s - a book of Minor Magic

   Spells                             Type                      Level
   a - Magic Dart                     Conjuration                  1
   b - Blink                          Translocation                2
   c - Call Imp                       Summoning                    2
   d - Repel Missiles                 Charms/Air                   2
   e - Slow                           Hexes                        2
   f - Conjure Flame                  Conjuration/Fire             3
   g - Mephitic Cloud                 Conjuration/Poison/Air       3
 x - a book of Conjurations

   Spells                             Type                      Level
   a - Magic Dart                     Conjuration                  1
   b - Searing Ray                    Conjuration                  2
   c - Dazzling Spray                 Conjuration/Hexes            3
   d - Fulminant Prism                Conjuration/Hexes            4
   e - Iskenderun's Mystic Blast      Conjuration                  4
   f - Iskenderun's Battlesphere      Conjuration/Charms           5
 y - Lee's Reference Book on Igneous Combat Magic
   (You found it on level 8 of the Lair of Beasts)

   Spells                             Type                      Level
   a - Sticky Flame                   Conjuration/Fire             4
   b - Delayed Fireball               Conjuration/Fire             7
 E - a book of the Sky

   Spells                             Type                      Level
   a - Flight                         Charms/Air                   3
   b - Airstrike                      Air                          4
   c - Silence                        Hexes/Air                    5
   d - Deflect Missiles               Charms/Air                   6
   e - Conjure Ball Lightning         Conjuration/Air              6
   f - Tornado                        Air                          9
 F - a book of Summonings

   Spells                             Type                      Level
   a - Abjuration                     Summoning                    3
   b - Recall                         Summoning/Translocation      3
   c - Shadow Creatures               Summoning                    5
   d - Summon Demon                   Summoning                    5
   e - Summon Forest                  Summoning/Translocation      5
   f - Monstrous Menagerie            Summoning                    6
 G - a book of Party Tricks

   Spells                             Type                      Level
   a - Summon Butterflies             Summoning                    1
   b - Apportation                    Translocation                1
   c - Tukima's Dance                 Hexes                        3
   d - Alistair's Intoxication        Transmutation/Poison         4
   e - Invisibility                   Hexes                        6
 J - a book of Envenomations

   Spells                             Type                      Level
   a - Spider Form                    Transmutation/Poison         3
   b - Alistair's Intoxication        Transmutation/Poison         4
   c - Olgreb's Toxic Radiance        Poison                       4
   d - Poisonous Cloud                Conjuration/Poison/Air       6
Miscellaneous
 r - a lamp of fire
 u - a phantom mirror
Comestibles
 b - 11 bread rations
 c - 6 meat rations
 h - 7 beef jerkies
 m - 3 royal jellies
 z - 13 slices of pizza
 X - 14 fruits


   Skills:
 - Level 13.1 Fighting
 * Level 13.3 Dodging
 + Level 13.3 Stealth
 * Level 17.5 Unarmed Combat
 - Level 4.3 Invocations


You had 14 spell levels left.
You didn't know any spells.

Dungeon Overview and Level Annotations

Branches:
Dungeon (14/15)            Temple (0/1) D:7            Lair (8/8) D:11
 Shoals (0/5) Lair:6        Snake (0/5) Lair:5       Spider (0/5) Lair:6
  Slime (0/6) Lair:7          Orc (0/4) D:10         Vaults (0/5) D:14

Altars:
Ashenzari
Cheibriados
Dithmenos
Gozag
Kikubaaqudgha
Okawaru
Qazlal
Sif Muna
Vehumet
Xom
The Shining One

Shops:
D:4 ([:   D:5 *   D:9 }   D:10 (   D:11 *   D:12 :


Innate Abilities, Weirdness & Mutations

You cannot wear most types of armour.
You are amphibious.
You can wear up to eight rings at the same time.
You can use your tentacles to constrict many enemies at once.
Your skin changes colour to match your surroundings (Stealth).
Your rubbery body absorbs attacks (AC +1).
One of your tentacles bears a spike.
You possess an exceptional clarity of mind.
Your mind is acute. (Int +2)
You are robust (+10% HP).


Message History

As you read the scroll of teleportation, it crumbles to dust.
You feel strangely unstable.
* * * LOW HITPOINT WARNING * * *
You feel very sick.
Your surroundings suddenly seem different.
* * * LOW HITPOINT WARNING * * *
You feel very sick.
Found 15 silver bolts.
You see here 15 silver bolts.
* * * LOW HITPOINT WARNING * * *
You feel very sick.
* * * LOW HITPOINT WARNING * * *
You feel very sick.
* * * LOW HITPOINT WARNING * * *
You feel very sick.
* * * LOW HITPOINT WARNING * * *
You feel very sick.
* * * LOW HITPOINT WARNING * * *
You feel very sick.
You die...

#......####### . ####
#............. .. #..#
#.....#######. .§
.########..#####.....# #. ..
......................# #.
.........................# #.
.........................#######.
...........(.....................
....##'#######..@.>.....#########
....#........#..........#.......#
....#........#..........'.......#
....#........######'###.'.†.....#
....#...†.............###†(.....#
....#...........................#
....#...........................#
....#...########............#####
..c##).#......#............#....


There were no monsters in sight!

Vanquished Creatures
  Louise (D:14)
  3 rakshasas (D:14)
  Azrael (D:14)
  A vault guard (D:14)
  7 slime creatures
  Fannar (D:14)
  Harold (Lair:6)
  10 hydras
  2 centaur warriors (D:14)
  A catoblepas (D:13)
  4 death yaks (Lair:8)
  9 hill giants
  A death drake (D:14)
  4 necromancers
  15 ugly things (D:14)
  A griffon (Lair:6)
  A cyclops (D:14)
  11 elephants
  2 gargoyles
  3 black mambas
  A naga mage (Lair:5)
  26 spiny frogs
  11 komodo dragons
  A tengu conjurer (D:14)
  3 trolls
  A human zombie (D:14)
  A merfolk (Lair:6)
  4 ravens (D:14)
  A raven (shapeshifter) (D:14)
  2 giant leeches
  2 two-headed ogres
  A redback (Lair:6)
  16 blink frogs
  A shadow (D:11)
  A basilisk (D:14)
  17 humans (D:14)
  A deep elf mage (D:12)
  2 steam dragons
  A fire elemental (D:14)
  32 yaks
  A spriggan (D:10)
  28 wolves
  A wraith (D:14)
  3 hungry ghosts
  10 hippogriffs
  Grum (D:9)
  A wyvern (D:12)
  2 mottled dragons
  9 vampire mosquitoes
  4 hell hounds (D:14)
  12 porcupines
  A sky beast (D:6)
  17 water moccasins
  A phantom (D:8)
  A necrophage (D:12)
  A deep dwarf (shapeshifter) (D:14)
  3 ice beasts
  4 ogres
  An eye of draining (D:11)
  8 orc warriors
  9 centaurs
  16 crocodiles
  36 giant frogs
  A big kobold (D:11)
  A brain worm (D:14)
  A komodo dragon zombie (Lair:5)
  3 scorpions
  A wyvern skeleton (D:14)
  5 killer bees (D:12)
  9 wights
  5 electric eels
  7 crimson imps
  2 goliath beetles (D:7)
  A wasp zombie (D:5)
  8 iguanas
  7 jellies
  7 centaur skeletons
  11 hounds
  A giant frog zombie (D:8)
  9 orc priests
  A giant frog skeleton (D:4)
  15 orc wizards
  15 worker ants
  A crocodile zombie (Lair:5)
  29 sheep
  2 hound zombies
  Terence (D:2)
  2 worker ant zombies
  Robin (D:2)
  22 adders
  17 gnolls
  91 river rats
  3 shadow imps
  2 giant mites
  2 worms (D:2)
  3 adder skeletons
  4 giant geckos
  61 orcs
  2 ball pythons (D:4)
  12 bats
  A bat skeleton (D:5)
  8 giant cockroaches
  24 goblins
  19 hobgoblins
  21 jackals
  27 kobolds
  14 quokkas
  6 giant newts
  2 giant spores (D:8)
  A jackal skeleton (D:5)
  A quokka skeleton (D:5)
  A quokka zombie (D:7)
  18 rats
  3 ballistomycetes (D:8)
  A fungus (Lair:8)
886 creatures vanquished.

Vanquished Creatures (others)
  A spiny frog (Lair:7)
  A black mamba (Lair:7)
  An orc warrior (D:10)
  30 fungi
  11 plants (Lair:8)
44 creatures vanquished.

Grand Total: 930 creatures vanquished

Notes
Turn   | Place    | Note
--------------------------------------------------------------
     0 | D:1      | Grim, the Octopode Monk, began the quest for the Orb.
     0 | D:1      | Reached XP level 1. HP: 16/16 MP: 1/1
   263 | D:1      | Reached XP level 2. HP: 21/21 MP: 2/2
   886 | D:2      | Found a shimmering altar of Xom.
   906 | D:2      | Found a shimmering altar of Xom.
   907 | D:2      | Found a shimmering altar of Xom.
   959 | D:2      | Reached XP level 3. HP: 22/26 MP: 3/3
  1052 | D:2      | Noticed Terence
  1055 | D:2      | Reached skill level 5 in Unarmed Combat
  1060 | D:2      | Killed Terence
  1068 | D:2      | Found a shimmering altar of Xom.
  1074 | D:2      | Found a shimmering altar of Xom.
  1076 | D:2      | Found a shimmering altar of Xom.
  1076 | D:2      | Found a shimmering altar of Xom.
  1224 | D:2      | Reached XP level 4. HP: 26/31 MP: 4/4
  1429 | D:2      | Noticed Robin
  1502 | D:2      | Killed Robin
  1990 | D:2      | Reached skill level 6 in Unarmed Combat
  2387 | D:3      | Reached XP level 5. HP: 32/36 MP: 5/5
  2515 | D:3      | Reached skill level 8 in Fighting
  2515 | D:3      | Reached skill level 9 in Unarmed Combat
  2515 | D:3      | Reached XP level 6. HP: 40/50 MP: 6/6
  2715 | D:3      | Reached skill level 10 in Unarmed Combat
  2926 | D:3      | Found a stormy altar of Qazlal.
  3164 | D:4      | Reached XP level 7. HP: 39/56 MP: 7/7
  3528 | D:4      | Found Ypeqiu's Book Emporium.
  3840 | D:4      | Found an ancient bone altar of Kikubaaqudgha.
  3847 | D:4      | Found a deep blue altar of Sif Muna.
  3847 | D:4      | Found a radiant altar of Vehumet.
  3852 | D:4      | Identified Kikubaaqudgha's Tome of Evil
  3860 | D:4      | Identified Vehumet's Papyrus of Attacks
  3869 | D:4      | Identified Sif Muna's Volume of Calling
  4135 | D:4      | Found Frunk's Weapon Shoppe.
  4148 | D:4      | Found an opulent altar of Gozag.
  4365 | D:4      | Found Roba Tah's Antique Armour Shoppe.
  4407 | D:4      | Bought an embroidered hat for 96 gold pieces
  4631 | D:4      | Found a shadowy altar of Dithmenos.
  4767 | D:4      | Reached XP level 8. HP: 55/62 MP: 6/8
  5006 | D:5      | Entered Level 5 of the Dungeon
  5455 | D:5      | Found a shimmering altar of Xom.
  5511 | D:5      | Reached skill level 11 in Unarmed Combat
  5583 | D:5      | Found Uninadei's General Store.
  6320 | D:6      | Reached XP level 9. HP: 33/68 MP: 4/9
  7805 | D:6      | Gained mutation: You are robust (+10% HP). [potion of mutation]
  7805 | D:6      | Gained mutation: You possess an exceptional clarity of mind. [potion of mutation]
  7805 | D:6      | Gained mutation: One of your tentacles bears a spike. [potion of mutation]
  7806 | D:6      | Gained mutation: Your mind is acute. (Int +2) [potion of mutation]
  8153 | D:7      | Found a snail-covered altar of Cheibriados.
  8153 | D:7      | Found an iron altar of Okawaru.
  8382 | D:7      | Became a worshipper of Cheibriados the Contemplative
  8382 | D:7      | Acquired Cheibriados' first power
  8912 | D:7      | Found a staircase to the Ecumenical Temple.
  9174 | D:8      | Acquired Cheibriados' second power
  9732 | D:8      | Reached XP level 10. HP: 81/81 MP: 10/10
 10115 | D:9      | Acquired Cheibriados' third power
 10127 | D:9      | Noticed Grum
 10138 | D:9      | Killed Grum
 10505 | D:9      | Reached skill level 12 in Unarmed Combat
 10548 | D:9      | Found Geahumo's Gadget Emporium.
 11208 | D:10     | Entered Level 10 of the Dungeon
 11214 | D:10     | Found Sisoduorph's Jewellery Boutique.
 11234 | D:10     | Noticed a hill giant
 11251 | D:10     | Killed a hill giant
 11251 | D:10     | Reached skill level 5 in Stealth
 11598 | D:10     | Acquired Cheibriados' fourth power
 11633 | D:10     | Noticed a hill giant
 11640 | D:10     | Killed a hill giant
 11811 | D:10     | Found a staircase to the Orcish Mines.
 11811 | D:10     | Found Weun Qie's Weapon Shop.
 12488 | D:11     | Reached XP level 11. HP: 85/88 MP: 11/11
 12530 | D:11     | Found a staircase to the Lair.
 12559 | D:11     | Noticed a hill giant
 12559 | D:11     | Noticed a hill giant
 12569 | D:11     | Killed a hill giant
 12587 | D:11     | Noticed a hill giant
 12596 | D:11     | Killed a hill giant
 12902 | D:11     | Killed a hill giant
 13291 | D:11     | Reached skill level 13 in Unarmed Combat
 13295 | D:11     | Found Gutisyan's General Store.
 13295 | D:11     | Noticed a hill giant
 13303 | D:11     | Killed a hill giant
 13436 | D:11     | Noticed a hill giant
 13446 | D:11     | Killed a hill giant
 13691 | D:11     | Reached skill level 10 in Dodging
 13956 | Lair:1   | Entered Level 1 of the Lair of Beasts
 14668 | Lair:1   | Reached XP level 12. HP: 93/93 MP: 12/12
 15529 | Lair:2   | Reached skill level 14 in Unarmed Combat
 16200 | Lair:3   | Reached skill level 10 in Fighting
 17445 | Lair:4   | Identified a scroll of acquirement
 17448 | Lair:4   | Got a glittering platinum ring
 17449 | Lair:4   | Identified the ring of Traegrum {SustAb rC+ Int+3} (You acquired it on level 4 of the Lair of Beasts)
 17808 | Lair:4   | Noticed a five-headed hydra
 17815 | Lair:4   | Reached skill level 10 in Stealth
 17821 | Lair:4   | Killed a five-headed hydra
 18027 | Lair:4   | Noticed an eight-headed hydra
 18044 | Lair:4   | Killed an eight-headed hydra
 18159 | Lair:4   | Reached XP level 13. HP: 97/103 MP: 11/13
 18908 | Lair:5   | Found a staircase to the Snake Pit.
 19482 | Lair:5   | You fall through a shaft!
 19698 | Lair:5   | Reached skill level 15 in Unarmed Combat
 19875 | Lair:6   | Found a glowing golden altar of the Shining One.
 19951 | Lair:6   | Found a hole to the Spider Nest.
 20037 | Lair:6   | Found a staircase to the Shoals.
 20999 | Lair:6   | Reached skill level 1 in Invocations
 21275 | Lair:6   | Noticed Harold
 21288 | Lair:6   | Killed Harold
 21393 | Lair:6   | Identified the Grimoire of Lethal Flight
 21895 | Lair:7   | Reached XP level 14. HP: 89/114 MP: 14/19
 22866 | Lair:7   | Found a staircase to the Slime Pits.
 22966 | Lair:8   | Entered Level 8 of the Lair of Beasts
 23750 | Lair:8   | Reached skill level 16 in Unarmed Combat
 24673 | Lair:8   | Identified Lee's Reference Book on Igneous Combat Magic (You found it on level 8 of the Lair of Beasts)
 26887 | D:12     | Found a shattered altar of Ashenzari.
 26975 | D:12     | Found Ximom's Book Boutique.
 26984 | D:12     | Bought a book of Minor Magic for 300 gold pieces
 28487 | D:14     | Reached XP level 15. HP: 121/121 MP: 22/22
 28527 | D:14     | Noticed Louise
 29024 | D:14     | Reached skill level 17 in Unarmed Combat
 29103 | D:14     | Noticed Fannar
 29112 | D:14     | Killed Louise
 29432 | D:14     | Killed Fannar
 29450 | D:14     | Noticed Azrael
 30114 | D:14     | Killed Azrael
 30357 | D:14     | Found a gate to the Vaults.
 30598 | D:14     | HP: 5/119 [poisoned by a death drake (dark miasma)]
 30599 | D:14     | HP: 2/119 [poisoned by a death drake (dark miasma)]
 30600 | D:14     | Succumbed to a death drake's dark miasma

Action                   |  1- 3 |  4- 6 |  7- 9 | 10-12 | 13-15 || total
-------------------------+-------+-------+-------+-------+-------++-------
Melee: Unarmed           |    74 |    96 |   373 |   515 |   814 ||  1872
Invok: Slouch            |       |       |       |       |     4 ||     4
Evoke: Wand              |       |       |     6 |     1 |     2 ||     9
  Use: Potion            |     2 |     1 |     6 |     1 |     9 ||    19
       Scroll            |     1 |     4 |     3 |    18 |    20 ||    46
 Stab: Sleeping          |     7 |     6 |    18 |    51 |    36 ||   118
       Distracted        |       |       |     2 |     6 |    11 ||    19
       Invisible         |       |       |       |     1 |     2 ||     3
  Eat: Chunk             |     1 |     6 |    10 |    11 |     9 ||    37
       Meat ration       |       |       |     2 |       |     3 ||     5
       Bread ration      |       |       |       |     2 |     1 ||     3
